Map: Praça Neon Violeta LE

Players

IagoAbreu - Winner!

  • Race: Zerg Zerg
  • League: Gold
  • Spawn Location: 5:00

Sinesia

  • Race: Zerg Zerg
  • League: Bronze
  • Spawn Location: 11:00

VOD

Have the link to the VOD?

Description

Time

  • Played on: May 13, 2018, 3:26 p.m.
  • Length: 7:30
Show
View Real Time Build Order
Export as new Build Order

IagoAbreu Zerg - Winner!

Build Orders: Hatch First 

Get SALT Encoding   

  12  0:01  Drone  
  13  0:13  Overlord  
  13  0:22  Drone  
  13  0:26  Extractor  
  13  0:27  Drone  
  14  0:33  Drone  
  15  0:37  Drone  
  16  1:09  Hatchery  
  15  1:19  Spawning Pool  
  15  1:24  Drone  
  15  1:27  Drone  
  16  1:36  Evolution Chamber  
  15  1:40  Drone  
  15  1:46  Drone  
  17  1:50  Drone  
  18  1:59  Overlord  
  18  2:16  Zerg Missile Weapons Level 1  
  18  2:19  Roach Warren  
  18  2:30  Drone  
  18  2:32  Queen  
  18  2:37  Drone  
  21  2:50  Overlord  
  21  2:58  Drone x2  
  23  3:02  Roach  
  25  3:08  Overlord  
  25  3:18  Spine Crawler  
  24  3:22  Spine Crawler  
  24  3:26  Roach  
  25  3:31  Zergling x2  
  25  3:32  Zergling x2  
  27  3:36  Zergling x2  
  28  3:43  Roach  
  28  3:47  Roach  
  32  3:50  Roach  
  34  3:56  Roach  
  36  4:06  Overlord  
  34  4:46  Roach x2  
  34  4:47  Roach x3  
  43  5:07  Overlord x2  
  43  5:08  Overlord  
  43  5:23  Queen  
  43  5:32  Roach x3  
  43  5:33  Roach x2  
  53  5:42  Lair  
  53  6:00  Burrow  
  53  6:50  Hatchery  
  44  7:01  Roach x3  
Show
View Real Time Build Order
Export as new Build Order

Sinesia Zerg 

Build Orders: Hatch First 

Get SALT Encoding   

  12  0:02  Drone  
  13  0:10  Drone  
  14  0:20  Extractor  
  14  0:21  Drone  
  14  0:23  Extractor  
  14  0:24  Drone  
  16  0:50  Extractor  
  16  0:54  Extractor  
  14  1:00  Evolution Chamber  
  14  1:03  Hatchery  
  15  1:06  Overlord  
  15  1:09  Overlord  
  15  1:24  Spawning Pool  
  14  1:26  Extractor  
  13  1:35  Drone x2  
  13  1:36  Drone  
  16  1:58  Drone x2  
  18  2:11  Queen  
  20  2:16  Queen  
  20  2:20  Zergling x2  
  20  2:21  Zergling x2  
  20  2:22  Drone  
  25  2:58  Queen x2  
  25  3:00  Zergling x10  
  34  3:18  Drone x2  
  36  3:40  Baneling Nest, Extractor  
  34  3:44  Lair  
  34  3:53  Zergling x4  
  34  3:54  Overlord x4  
  36  4:31  Zergling x8  
  31  4:49  Zergling x12  
  31  4:50  Zergling x10  
  34  5:01  Zergling x4  
  22  5:28  Zergling x8  
  19  5:40  Spawning Pool  
  18  5:45  Spine Crawler  
  18  5:48  Spine Crawler  
  16  5:52  Lair  
  14  6:02  Spine Crawler  
  13  6:05  Drone  
  13  6:06  Drone x4, Spine Crawler  
  17  6:34  Zergling x2  
  17  6:35  Drone x5  
Tags
 
Add a new tag
Caveats
  • Supply blocks, unpowered buildings, or Contaminate may cause inaccurate times.
  • Supply counts are checked every 10 seconds.